 Dungeon Crawl Stone Soup version 0.28.0 (webtiles) character file.

Game seed: 9948944872600783982

168 croobank the Chopper (level 5, -1/47 HPs)
             Began as a Gnoll Cinder Acolyte on Feb 11, 2022.
             Was a High Priest of Ignis.
             Slain by a jelly (2 damage)
             ... on level 4 of the Dungeon.
             The game lasted 00:09:40 (3668 turns).

croobank the Chopper (Gnoll Cinder Acolyte)         Turns: 3668, Time: 00:09:45

Health: -1/47      AC: -1    Str: 13    XL:     5   Next: 48%
Magic:  6/9        EV: 11    Int: 13    God:    Ignis [*****.]
Gold:   129        SH:  0    Dex: 10    Spells: 8/10 levels left

rFire   + . .      SeeInvis .   m - +1 whip (venom)
rCold   . . .      Faith    .   (no shield)
rNeg    . . .      Spirit   .   o - +0 leather armour
rPois   +          Reflect  .   (no helmet)
rElec   .          Harm     .   (no cloak)
rCorr   .          Rampage  .   (no gloves)
Will    .....                   (no boots)
Stlth   +.........              (no amulet)
HPRegen 0.15/turn               u - ring of poison resistance
MPRegen 0.11/turn               v - ring of flight

@: corroded, fiery-armoured, flying
A: fangs 1, strong nose, distributed training
a: Renounce Religion, Fiery Armour, Foxfire Swarm, Rising Flame


You were on level 4 of the Dungeon.
You worshipped Ignis.
Ignis was extremely pleased with you.
You visited 1 branch of the dungeon, and saw 4 of its levels.

You collected 129 gold pieces.

Inventory:

Hand Weapons
 a - a -1 hand axe of flaming
 k - a +1 dagger of venom
 m - a +1 whip of venom (weapon)
 n - a +2 dagger of speed
Missiles
 l - 3 stones
 p - 6 boomerangs (quivered)
 q - 4 poisoned darts
Armour
 b - a +0 robe
 o - a +0 leather armour (worn)
Magical Staves
 g - a staff of poison
Jewellery
 u - a ring of poison resistance (left hand)
 v - a ring of flight (right hand)
Scrolls
 c - a scroll of vulnerability {unknown}
 d - a scroll of teleportation {unknown}
 e - a scroll of torment {unknown}
 r - a scroll of magic mapping {unknown}
Potions
 f - 2 potions of brilliance {unknown}
 h - a potion of heal wounds {unknown}
 i - a potion of lignification {unknown}
 j - a potion of invisibility {unknown}
 s - 2 potions of magic {unknown}
 t - a potion of cancellation {unknown}
 w - a potion of curing {unknown}
 x - a potion of ambrosia {unknown}


   Skills:
 + Level 6.7 Fighting
 + Level 1.5 Short Blades
 + Level 1.5 Long Blades
 + Level 6.7 Axes
 + Level 1.5 Maces & Flails
 + Level 1.5 Polearms
 + Level 1.5 Staves
 + Level 1.5 Slings
 + Level 1.5 Bows
 + Level 1.5 Crossbows
 + Level 1.5 Throwing
 + Level 1.5 Armour
 + Level 1.5 Dodging
 + Level 1.5 Stealth
 + Level 1.5 Shields
 + Level 1.5 Unarmed Combat
 + Level 3.2 Spellcasting
 + Level 1.2 Conjurations
 + Level 1.2 Hexes
 + Level 1.2 Summonings
 + Level 1.2 Necromancy
 + Level 1.2 Translocations
 + Level 1.2 Transmutations
 + Level 5.5 Fire Magic
 + Level 1.2 Ice Magic
 + Level 1.2 Air Magic
 + Level 1.2 Earth Magic
 + Level 1.2 Poison Magic
 + Level 1.7 Invocations
 + Level 1.5 Evocations


You had 8 spell levels left.
You knew the following spells:

 Your Spells              Type           Power      Damage    Failure   Level
a - Scorch                Fire           32%        2d7       4%          2

Your spell library contained the following spells:

 Spells                   Type           Power      Damage    Failure   Level
 Ozocubu's Armour         Ice            5%         N/A       45%         3
 Ozocubu's Refrigeration  Ice            2%         4d5       100%        7


Dungeon Overview and Level Annotations

Branches:
Dungeon (4/15)
 Temple: D:4-7

Altars:
Hepliaklqana


Innate Abilities, Weirdness & Mutations

You have very sharp teeth.
Your uncanny sense of smell can sniff out nearby items.
Your experience applies equally to all skills.


Message History

You miscast Scorch.
You are very lightly contaminated with residual magic.
Nothing appears to happen.
The adder closely misses you. The jelly hits you. The acid corrodes you!
You are splashed with acid.
A goblin comes into view. It is wielding a +0 club.
The adder bites you. The endoplasm barely misses you.
The adder closely misses you.
The goblin shouts!
The adder closely misses you.
There is an escape hatch in the floor here.
The jelly hits you. The acid corrodes you!
You are splashed with acid!
Your magical contamination has completely faded away.
Casting: Scorch (safe; 4% risk of failure)
Confirm with . or Enter, or press ? or * to list all spells.
Flames lash the endoplasm.
The endoplasm is almost dead.
The endoplasm's fire resistance burns away.
You hear an angry hiss.
The jelly hits you. The acid corrodes you!
You are splashed with acid!
You hit the jelly but do no damage.
The jelly is poisoned.
Your hands burn!
* * * LOW HITPOINT WARNING * * *
The jelly completely misses you.
Okay, then.
Okay, then.
A protective cloak of flame settles atop you.
The jelly hits you.
* * * LOW HITPOINT WARNING * * *
You are splashed with acid!
* * * LOW HITPOINT WARNING * * *
The jelly is burned by your cloak of flames.
The jelly is heavily wounded.
An adder comes into view.
Activating: Foxfire Swarm
Press: ? - help, Dir - look around, f - activate Flames leap up around you!
The adder hisses angrily.
You hear a bark!
The foxfire hits the adder.
The adder is moderately wounded.
The jelly hits you.
You die...

#.........#..#
#.........##.#
#.........##.#
#.........##.######
#.?.......##.......
#.g..###..#########
##JS.#∆#...# #
###J### ##.# #
#vS@# ... # #.### ∆
#.###### #.
∆#.....<. #∆
#.###### ∆


You could see a jelly (very poisoned), 2 adders, an endoplasm (combustible) and
a goblin.

Vanquished Creatures
  A hound (D:2)
  An iguana (D:4)
  A hound skeleton (D:4)
  A howler monkey skeleton (D:4)
  3 adders
  A dart slug (D:1)
  3 orcs (D:3)
  5 ball pythons
  7 endoplasms
  2 giant cockroaches (D:2)
  8 goblins
  8 hobgoblins
  A quokka (D:3)
  A bat (D:2)
  3 frilled lizards
  6 kobolds
  4 rats
56 creatures vanquished.

Vanquished Creatures (others)
  4 fungi (D:3)
  A plant (D:3)
  3 withered plants (D:3)
8 creatures vanquished.

Grand Total: 64 creatures vanquished

Notes
Turn   | Place    | Note
-------+----------+-------------------------------------------
     0 | D:1      | croobank the Gnoll Cinder Acolyte began the quest for the
                  | Orb.
     0 | D:1      | Reached XP level 1. HP: 23/23 MP: 4/4
   257 | D:1      | Reached XP level 2. HP: 26/29 MP: 5/5
   260 | D:1      | Learned a level 2 spell: Scorch
  1290 | D:2      | Reached XP level 3. HP: 35/35 MP: 7/7
  1528 | D:2      | Reached skill level 1 in Short Blades
  1528 | D:2      | Reached skill level 1 in Long Blades
  1528 | D:2      | Reached skill level 1 in Maces & Flails
  1528 | D:2      | Reached skill level 1 in Polearms
  1528 | D:2      | Reached skill level 1 in Staves
  1528 | D:2      | Reached skill level 1 in Slings
  1528 | D:2      | Reached skill level 1 in Bows
  1528 | D:2      | Reached skill level 1 in Crossbows
  1528 | D:2      | Reached skill level 1 in Throwing
  1528 | D:2      | Reached skill level 1 in Armour
  1528 | D:2      | Reached skill level 1 in Dodging
  1528 | D:2      | Reached skill level 1 in Stealth
  1528 | D:2      | Reached skill level 1 in Shields
  1528 | D:2      | Reached skill level 1 in Unarmed Combat
  1528 | D:2      | Reached skill level 1 in Invocations
  1528 | D:2      | Reached skill level 1 in Evocations
  1528 | D:2      | Reached XP level 4. HP: 27/41 MP: 5/8
  2064 | D:2      | Found a hazy altar of Hepliaklqana.
  2321 | D:3      | Reached skill level 1 in Conjurations
  2321 | D:3      | Reached skill level 1 in Hexes
  2321 | D:3      | Reached skill level 1 in Summonings
  2321 | D:3      | Reached skill level 1 in Necromancy
  2321 | D:3      | Reached skill level 1 in Translocations
  2321 | D:3      | Reached skill level 1 in Transmutations
  2321 | D:3      | Reached skill level 1 in Ice Magic
  2321 | D:3      | Reached skill level 1 in Air Magic
  2321 | D:3      | Reached skill level 1 in Earth Magic
  2321 | D:3      | Reached skill level 1 in Poison Magic
  2579 | D:3      | Found a faded altar of an unknown god.
  3083 | D:3      | Reached XP level 5. HP: 47/47 MP: 6/9
  3404 | D:4      | Noticed a kobold brigand
  3667 | D:4      | HP: 1/47 [acid (8)]
  3668 | D:4      | Slain by a jelly

Illustrated notes

Levels and vault maps discovered:
D:1:      amcnicky_arrival_abandoned_market, layout_basic
D:2:      layout_basic, basic_altar
D:3:      layout_loops_ring, shapermc_ecumenical_altar_gd
D:4:      layout_rooms, trog_book, minmay_quantized

Skill      XL: |  1  2  3  4 |
---------------+-------------+-----
Short Blades   | 1 |  1.5
Long Blades    | 1 |  1.5
Maces & Flails | 1 |  1.5
Polearms       | 1 |  1.5
Staves         | 1 |  1.5
Slings         | 1 |  1.5
Bows           | 1 |  1.5
Crossbows      | 1 |  1.5
Throwing       | 1 |  1.5
Armour         | 1 |  1.5
Dodging        | 1 |  1.5
Stealth        | 1 |  1.5
Shields        | 1 |  1.5
Unarmed Combat | 1 |  1.5
Invocations    | 1 |  1.7
Evocations     | 1 |  1.5
Spellcasting   | 3 |  3.2
Conjurations   | 1 |  1.2
Hexes          | 1 |  1.2
Summonings     | 1 |  1.2
Necromancy     | 1 |  1.2
Translocations | 1 |  1.2
Transmutations | 1 |  1.2
Ice Magic      | 1 |  1.2
Air Magic      | 1 |  1.2
Earth Magic    | 1 |  1.2
Poison Magic   | 1 |  1.2
Fighting       | |  6.7
Axes           | |  6.7
Fire Magic     | |  5.5

Action                   |  1- 3 |  4- 6 || total
-------------------------+-------+-------++-------
Melee: Hand axe          |    20 |       ||    20
       Bite              |     3 |     2 ||     5
       Whip              |    23 |    51 ||    74
       Punch             |     1 |       ||     1
 Cast: Scorch            |    13 |    22 ||    35
Invok: Foxfire Swarm     |       |     1 ||     1
       Fiery Armour      |       |     1 ||     1
 Stab: Sleeping          |     1 |     1 ||     2
Armor: Robe              |     6 |       ||     6
       Leather armour    |     4 |    12 ||    16
Dodge: Dodged            |    15 |    30 ||    45
